 Dungeon Crawl Stone Soup version 0.29-a0-284-gf9362112df (webtiles) character file.

Game seed: 7063759559715458049

354 sammy202020 the Skirmisher (level 6, -2/73 HPs)
             Began as a Demonspawn Berserker on Mar 14, 2022.
             Was a Believer of Trog.
             Slain by an ogre
             ... wielding a +0 giant spiked club
              (26 damage)
             ... on level 5 of the Dungeon.
             The game lasted 00:05:28 (4942 turns).

sammy202020 the Skirmisher (Demonspawn Berserker)   Turns: 4942, Time: 00:05:28

Health: -2/73      AC: 10    Str: 17    XL:     6   Next: 35%
Magic:  6/6        EV: 10    Int: 10    God:    Trog [**....]
Gold:   187        SH:  0    Dex: 13    Spells: 5/5 levels left

rFire   . . .      SeeInvis .   o - +4 mace
rCold   . . .      Faith    +   (no shield)
rNeg    . . .      Spirit   .   k - +0 scale mail
rPois   .          Reflect  .   (no helmet)
rElec   .          Harm     .   (no cloak)
rCorr   .          Rampage  .   e - +0 pair of gloves
Will    +....                   (no boots)
Stlth   ..........              m - amulet of faith
HPRegen 0.22/turn               n - ring of willpower
MPRegen 0.10/turn               (no ring)

@: berserking, very quick
A: thin metallic scales 1, foul stench 1
a: Renounce Religion, Berserk, Trog's Hand


You were on level 5 of the Dungeon.
You worshipped Trog.
Trog was pleased with you.
You visited 1 branch of the dungeon, and saw 5 of its levels.

You collected 187 gold pieces.

Inventory:

Hand Weapons
 o - a +4 mace (weapon)
 v - a +0 flail
Missiles
 d - a throwing net
 f - 6 boomerangs of dispersal (quivered)
 u - 2 poisoned darts
Armour
 e - a +0 pair of gloves (worn)
 k - a +0 scale mail (worn)
Jewellery
 b - a ring of ice
 h - an amulet of magic regeneration
 m - an amulet of faith (around neck)
 n - a ring of willpower (left hand)
Wands
 t - a wand of flame (66)
Scrolls
 j - 2 scrolls of teleportation
 q - a scroll of magic mapping
Potions
 c - 3 potions of curing
 g - a potion of flight
 i - a potion of ambrosia {unknown}
 l - 3 potions of lignification
 p - a potion of berserk rage {unknown}
 r - a potion of might {unknown}
 s - a potion of heal wounds {unknown}


   Skills:
 * Level 4.6 Fighting
 * Level 4.1 Maces & Flails
 * Level 3.6 Armour
 + Level 2.7 Dodging


You had 5 spell levels left.
You didn't know any spells.
Your spell library was empty.

Dungeon Overview and Level Annotations

Branches:
Dungeon (5/15)
 Temple: D:4-7

Altars:
Wu Jian

Shops:
D:2 (


Innate Abilities, Weirdness & Mutations

You are partially covered in thin metallic scales. (AC +2)
You may rarely emit foul miasma when damaged in melee.


Message History

No target in view!
No target in view!
No target in view!
No target in view!
An ogre comes into view. It is wielding a +0 giant spiked club.
The ogre shouts!
The ogre moves out of view.
An ogre and a black bear come into view.
Found a stone staircase leading down.
There are monsters nearby!
Found 9 gold pieces.
You hit the ogre.
The ogre is moderately wounded.
The ogre hits you with a +0 giant spiked club!
You hit the ogre.
The ogre is moderately wounded.
The ogre hits you with a +0 giant spiked club!
You are too injured to fight recklessly!
You are too injured to fight recklessly!
You are too injured to fight recklessly!
You are too injured to fight recklessly!
You are too injured to fight recklessly!
You are too injured to fight recklessly!
You are too injured to fight recklessly!
You are too injured to fight recklessly!
You are too injured to fight recklessly!
You are too injured to fight recklessly!
You are too injured to fight recklessly!
You are too injured to fight recklessly!
You are too injured to fight recklessly!
Unknown command.
A red film seems to cover your vision as you go berserk!
You feel yourself moving faster!
You feel mighty!
The ogre hits you with a +0 giant spiked club!
You sock the ogre!
The ogre is severely wounded.
You hit the ogre.
The ogre is almost dead.
The ogre hits you with a +0 giant spiked club!!
You die...

###### ...... #
......# .#
..>.... ..#
.......## ...#
.$...$..##....#
.....hO........
#@## #..# ##.##
#..#####.#
#........#
##### #..######
+....### #..##
#..>..#
#...#######.#
#.....#
#.#..........


You could see a black bear and an ogre.

Vanquished Creatures
  A phantom (D:4)
  A scorpion (D:5)
  A wight (D:5)
  An orc priest (D:4)
  2 orc wizards (D:3)
  2 adders
  A dart slug (D:4)
  8 orcs
  5 ball pythons
  9 endoplasms
  3 giant cockroaches
  2 goblins
  4 hobgoblins
  5 jackals
  A kobold (D:2)
  2 quokkas
  2 bats (D:1)
  6 rats (D:1)
56 creatures vanquished.

Vanquished Creatures (others)
  5 plants (D:3)
5 creatures vanquished.

Grand Total: 61 creatures vanquished

Notes
Turn   | Place    | Note
-------+----------+-------------------------------------------
     0 | D:1      | sammy202020 the Demonspawn Berserker began the quest for
                  | the Orb.
     0 | D:1      | Reached XP level 1. HP: 18/18 MP: 1/1
   371 | D:1      | Gained mutation: You may rarely emit foul miasma when
                  | damaged in melee. [demonic ancestry]
   371 | D:1      | Reached XP level 2. HP: 24/24 MP: 2/2
   656 | D:1      | Found a faded altar of an unknown god.
  1029 | D:2      | Reached XP level 3. HP: 29/29 MP: 3/3
  1044 | D:2      | Identified the +10 short sword "Oboza" {spect, Drain rElec
                  | rCorr Dex+6}
  1156 | D:2      | Reached ** piety under Trog
  1431 | D:2      | Found Numyfymo's Antique Weapon Shop.
  2167 | D:3      | Reached XP level 4. HP: 37/37 MP: 4/4
  3663 | D:4      | Gained mutation: You are partially covered in thin metallic
                  | scales. (AC +2) [demonic ancestry]
  3663 | D:4      | Reached XP level 5. HP: 32/42 MP: 5/5
  3820 | D:4      | Noticed a phantom
  3838 | D:4      | Killed a phantom
  4325 | D:4      | Found an ornate altar of the Wu Jian Council.
  4726 | D:5      | Entered Level 5 of the Dungeon
  4795 | D:5      | Reached XP level 6. HP: 35/49 MP: 6/6
  4942 | D:5      | Slain by an ogre

Illustrated notes

Levels and vault maps discovered:
D:1:      minmay_arrival_shattered_statue, layout_loops_ring,
          hellmonk_ecumenical_altar_pennies_from_heaven,
          corexii_item_surrounded_by_moat, minmay_rat_gold_closets
D:2:      layout_basic, serial_shops, shop
D:3:      wad_lake_hut, layout_loops_ring, serial_aquarium,
          aquarium_bridge_square [aquarium_subvault_wall,
          aquarium_subvault_bridge, aquarium_subvault_wall,
          aquarium_subvault_bridge], aquarium_bridge_square
          [aquarium_subvault_balcony, aquarium_subvault_wall,
          aquarium_subvault_bridge, aquarium_subvault_bridge],
          aquarium_window_1, aquarium_window_fake, aquarium_window_2,
          aquarium_view_2b, aquarium_pool_2, grunt_decor_resistance,
          serial_bayou_lake_a
D:4:      layout_gridville, kennysheep_little_box
D:5:      corexii_shack_village, layout_basic, cheibriados_altar_1,
          elyvilon_altar_1

Skill      XL: |  1  2  3  4  5 |
---------------+----------------+-----
Armour         | 2 3 |  3.6
Maces & Flails | 3 4 |  4.1
Dodging        | 2 |  2.7
Fighting       | 4 |  4.6

Action                   |  1- 3 |  4- 6 || total
-------------------------+-------+-------++-------
Melee: Mace              |   102 |    51 ||   153
       Punch             |     1 |     1 ||     2
       Flail             |       |    41 ||    41
Invok: Berserk           |       |     2 ||     2
       Trog's Hand       |       |     1 ||     1
  Use: Scroll            |       |     8 ||     8
Armor: Animal skin       |     9 |       ||     9
       Scale mail        |    41 |    44 ||    85
Dodge: Dodged            |    60 |    45 ||   105

Table legend: (Time is in decaauts)
 A = Elapsed time spent in this place.
 B = Non-inter-level travel time spent in this place.
 C = Inter-level travel time spent in this place.
 D = Time resting spent in this place.
 E = Time spent auto-exploring this place.
 F = Levels seen in this place.
 G = Mean time per level.
                   A        B        C        D        E       F      G
               +--------+--------+--------+--------+--------+-----+--------+
         Total |   5099 |   4948 |    151 |      0 |   4244 |   5 | 1019.8 |
       Dungeon |   5099 |   4948 |    151 |      0 |   4244 |   5 | 1019.8 |
               +--------+--------+--------+--------+--------+-----+--------+

Top non-repeatable levels by time:
     D:3: 1683 daAuts
     D:4: 1084 daAuts
     D:2: 1075 daAuts
     D:1: 1038 daAuts
     D:5: 217 daAuts
